| TOP OF THE 1ST |
|
Florida Marlins batting - Pitching for St. Louis Cardinals : RHP Rene Arocha
|
|
Pitching: RHP Rene Arocha
|
|
|
Batting: LHB Craig Counsell
|
0-0: Ball 1-0: Fly out, F6 (Popup, 6, EV 77.5 MPH)
|
|
Batting: RHB Charles Johnson
|
0-0: Fly out, F7 (Flyball, 7S, EV 91.9 MPH)
|
|
Batting: RHB Richie Sexson
|
0-0: Called Strike 0-1: Swinging Strike 0-2: Ball 1-2: Strikes out swinging
|
| Top of the 1st over - 0 runs, 0 hits, 0 errors, 0 left on base; Florida 0 - St. Louis 0 |
| BOTTOM OF THE 1ST |
|
St. Louis Cardinals batting - Pitching for Florida Marlins : LHP Butch Henry
|
|
Pitching: LHP Butch Henry
|
|
|
Batting: SHB Stan Javier
|
0-0: Called Strike 0-1: Ball 1-1: Swinging Strike 1-2: Fly out, F8 (Flyball, 8RXD, EV 95.6 MPH)
|
|
Batting: RHB John Valentin
|
0-0: Ball 1-0: Foul Ball, location: 2F 1-1: Foul Ball, location: 2F 1-2: Ball 2-2: Ball 3-2: Strikes out swinging
|
|
Batting: LHB Brian S Giles
|
0-0: Ball 1-0: Called Strike 1-1: Called Strike 1-2: Foul Ball, location: 2F 1-2: Foul Ball, location: 2F 1-2: SINGLE (Flyball, 8LS, EV 86.9 MPH)
|
|
Batting: RHB Ivan Calderon
|
0-0: Foul Ball, location: 2F 0-1: Called Strike 0-2: Fielders Choice at 2nd, 6-4 (Groundball, 6, EV 80.6 MPH)
|
| Bottom of the 1st over - 0 runs, 1 hit, 0 errors, 1 left on base; Florida 0 - St. Louis 0 |
| TOP OF THE 2ND |
|
Florida Marlins batting - Pitching for St. Louis Cardinals : RHP Rene Arocha
|
|
Batting: RHB Juan Encarnacion
|
0-0: DOUBLE (Flyball, 78XD, EV 106.3 MPH)
|
|
Batting: RHB Rondell White
|
0-0: Called Strike 0-1: Fly out, F7 (Flyball, 7D, EV 98.8 MPH) Runner from 2nd tags up, OUT at 3rd! 7-5
|
|
Batting: SHB Bobby Bonilla
|
0-0: Ball 1-0: Fly out, F8 (Line Drive, 8LM, EV 88.1 MPH)
|
| Top of the 2nd over - 0 runs, 1 hit, 0 errors, 0 left on base; Florida 0 - St. Louis 0 |
| BOTTOM OF THE 2ND |
|
St. Louis Cardinals batting - Pitching for Florida Marlins : LHP Butch Henry
|
|
Batting: LHB Steve Finley
|
0-0: Fly out, F8 (Line Drive, 8RM, EV 91.9 MPH)
|
|
Batting: RHB Dickie Thon
|
0-0: Called Strike 0-1: Foul Ball, location: 2F 0-2: Ball 1-2: Ground out 6-3 (Groundball, 6, EV 78.1 MPH)
|
|
Batting: RHB Damian Miller
|
0-0: Foul Ball, location: 2F 0-1: Ball 1-1: Ground out 1-3 (Groundball, 15, EV 68.8 MPH)
|
| Bottom of the 2nd over - 0 runs, 0 hits, 0 errors, 0 left on base; Florida 0 - St. Louis 0 |
| TOP OF THE 3RD |
|
Florida Marlins batting - Pitching for St. Louis Cardinals : RHP Rene Arocha
|
|
Batting: RHB Edgardo Alfonzo
|
0-0: Called Strike 0-1: Swinging Strike 0-2: Ball 1-2: DOUBLE (Line Drive, 3D, EV 98.1 MPH)
|
|
Batting: RHB Tony Barron
|
0-0: Ground out 6-3 (Groundball, 6, EV 90.6 MPH)
|
|
Batting: SHB Luis Castillo
|
0-0: Called Strike 0-1: Ball 1-1: Called Strike 1-2: Ball 2-2: SINGLE (Groundball, 34D, EV 101.3 MPH) Edgardo Alfonzo to third Runner from 3rd tries for Home, SAFE, throw by RF to home
|
|
Batting: LHB Craig Counsell
|
0-0: Called Strike Luis Castillo steals 2nd base (no throw) 0-1: SINGLE (Line Drive, 78S, EV 103.1 MPH) Luis Castillo to third Runner from 3rd tries for Home, SAFE, throw by LF to home
|
|
Batting: RHB Charles Johnson
|
0-0: Ball 1-0: Ball 2-0: Fly out, F7 (Flyball, 7, EV 91.3 MPH)
|
|
Batting: RHB Richie Sexson
|
0-0: Called Strike 0-1: Ball 1-1: Fly out, F7 (Flyball, 7S, EV 91.9 MPH)
|
| Top of the 3rd over - 2 runs, 3 hits, 0 errors, 1 left on base; Florida 2 - St. Louis 0 |
| BOTTOM OF THE 3RD |
|
St. Louis Cardinals batting - Pitching for Florida Marlins : LHP Butch Henry
|
|
Batting: RHB Royce Clayton
|
0-0: Foul Ball, location: 2F 0-1: Ball 1-1: Foul Ball, location: 2F 1-2: TRIPLE (Flyball, 9D, EV 98.1 MPH)
|
|
Batting: RHB Doug Glanville
|
0-0: Called Strike 0-1: Ball 1-1: Ball 2-1: Fly out, F8 (Flyball, 8LS, EV 77.5 MPH)
|
|
Batting: SHB Stan Javier
|
0-0: Fly out, F9 (Flyball, 9S, EV 81.3 MPH) Runner from 3rd tags up, OUT at HOME! 9-2
|
| Bottom of the 3rd over - 0 runs, 1 hit, 0 errors, 0 left on base; Florida 2 - St. Louis 0 |
| TOP OF THE 4TH |
|
Florida Marlins batting - Pitching for St. Louis Cardinals : RHP Rene Arocha
|
|
Batting: RHB Juan Encarnacion
|
0-0: Ball 1-0: Ball 2-0: Ground out 5-3 (Groundball, 5S, EV 86.9 MPH)
|
|
Batting: RHB Rondell White
|
0-0: SINGLE (Flyball, 89M, EV 91.3 MPH)
|
|
Batting: SHB Bobby Bonilla
|
0-0: Ball 1-0: Swinging Strike 1-1: Ball Rondell White is caught stealing 2nd base 2-6 2-1: Foul Ball, location: 2F 2-2: Foul Ball, location: 2F 2-2: Ball 3-2: Foul Ball, location: 2F 3-2: Base on Balls
|
|
Batting: RHB Edgardo Alfonzo
|
0-0: Called Strike 0-1: Ball 1-1: Called Strike 1-2: Ball 2-2: Fly out, F8 (Flyball, 8RD, EV 93.1 MPH)
|
| Top of the 4th over - 0 runs, 1 hit, 0 errors, 1 left on base; Florida 2 - St. Louis 0 |
| BOTTOM OF THE 4TH |
|
St. Louis Cardinals batting - Pitching for Florida Marlins : LHP Butch Henry
|
|
Batting: RHB John Valentin
|
0-0: Called Strike 0-1: Ball 1-1: Fly out, F8 (Flyball, 78S, EV 91.9 MPH)
|
|
Batting: LHB Brian S Giles
|
0-0: Ball 1-0: Foul Ball, location: 2F 1-1: SINGLE (Line Drive, 9S, EV 95.6 MPH)
|
|
Batting: RHB Ivan Calderon
|
0-0: Called Strike 0-1: Called Strike 0-2: Fly out, F8 (Flyball, 8RXD, EV 101.9 MPH)
|
|
Batting: LHB Steve Finley
|
0-0: Swinging Strike 0-1: Called Strike Brian S Giles is caught stealing 2nd base 2-6
|
| Bottom of the 4th over - 0 runs, 1 hit, 0 errors, 0 left on base; Florida 2 - St. Louis 0 |
| TOP OF THE 5TH |
|
Florida Marlins batting - Pitching for St. Louis Cardinals : RHP Rene Arocha
|
|
Batting: RHB Tony Barron
|
0-0: Called Strike 0-1: SINGLE (Line Drive, 7S, EV 93.1 MPH)
|
|
Batting: SHB Luis Castillo
|
0-0: Ball 1-0: Ball 2-0: Foul Ball, location: 2F 2-1: Ball 3-1: Base on Balls Tony Barron to second
|
|
Batting: LHB Craig Counsell
|
0-0: Reached on error, E2 (Groundball, 2R, EV 43.8 MPH) Tony Barron scores Luis Castillo to third
|
|
Batting: RHB Charles Johnson
|
0-0: SINGLE (Groundball, 6MD, EV 101.3 MPH) Luis Castillo scores Craig Counsell to third Runner from 3rd tries for Home, SAFE, no throw by CF
|
|
Pitching: RHP Rusty Meacham
|
|
|
Batting: RHB Richie Sexson
|
0-0: Swinging Strike 0-1: Foul Ball, location: 2F 0-2: SINGLE (Line Drive, 78S, EV 101.3 MPH) Charles Johnson to second
|
|
Batting: RHB Juan Encarnacion
|
0-0: Swinging Strike 0-1: Ball 1-1: Foul Ball, location: 2F 1-2: Strikes out swinging
|
|
Batting: RHB Rondell White
|
0-0: Ball 1-0: Called Strike 1-1: Ball 2-1: Ball 3-1: Called Strike 3-2: SINGLE (Groundball, 56D, EV 98.8 MPH) Charles Johnson to third Richie Sexson to second Runner from 3rd tries for Home, throw by LF and OUT! 7-2
|
|
Batting: SHB Bobby Bonilla
|
0-0: Ground out 4-3 (Groundball, 4, EV 76.3 MPH)
|
| Top of the 5th over - 3 runs, 4 hits, 1 error, 2 left on base; Florida 5 - St. Louis 0 |
| BOTTOM OF THE 5TH |
|
St. Louis Cardinals batting - Pitching for Florida Marlins : LHP Butch Henry
|
|
Batting: LHB Steve Finley
|
0-0: Called Strike 0-1: Swinging Strike 0-2: Ball 1-2: Ball 2-2: Foul Ball, location: 2F 2-2: Ball 3-2: Fly out, F9 (Line Drive, 9, EV 91.3 MPH)
|
|
Batting: RHB Dickie Thon
|
0-0: Fly out, F7 (Flyball, 7LM, EV 91.9 MPH)
|
|
Batting: RHB Damian Miller
|
0-0: Called Strike 0-1: Ball 1-1: Ball 2-1: Hit by Pitch
|
|
Batting: RHB Royce Clayton
|
0-0: Ball 1-0: Foul Ball, location: 2F 1-1: Ball 2-1: Called Strike 2-2: Strikes out swinging
|
| Bottom of the 5th over - 0 runs, 0 hits, 0 errors, 1 left on base; Florida 5 - St. Louis 0 |
| TOP OF THE 6TH |
|
Florida Marlins batting - Pitching for St. Louis Cardinals : RHP Rusty Meacham
|
|
Batting: RHB Edgardo Alfonzo
|
0-0: Called Strike 0-1: Fly out, F9 (Line Drive, 9D, EV 100.0 MPH)
|
|
Batting: RHB Tony Barron
|
0-0: Called Strike 0-1: Ball 1-1: Foul Ball, location: 2F 1-2: Strikes out looking
|
|
Batting: SHB Luis Castillo
|
0-0: Ball 1-0: Ball 2-0: Ball 3-0: Base on Balls
|
|
Batting: LHB Craig Counsell
|
0-0: Ball Luis Castillo steals 2nd base 1-0: SINGLE (Groundball, 6MD, EV 97.5 MPH) Luis Castillo to third Runner from 3rd tries for Home, SAFE, throw by CF to home Craig Counsell to second
|
|
Batting: RHB Charles Johnson
|
0-0: Ball 1-0: Ball 2-0: Ground out 5-3 (Groundball, 56S, EV 86.9 MPH)
|
| Top of the 6th over - 1 run, 1 hit, 0 errors, 1 left on base; Florida 6 - St. Louis 0 |
| BOTTOM OF THE 6TH |
|
St. Louis Cardinals batting - Pitching for Florida Marlins : LHP Butch Henry
|
|
Batting: RHB Doug Glanville
|
0-0: SINGLE (Groundball, 56D, EV 106.3 MPH)
|
|
Batting: SHB Stan Javier
|
0-0: Ball 1-0: Ball 2-0: Ball 3-0: Called Strike 3-1: Called Strike 3-2: Strikes out looking
|
|
Batting: RHB John Valentin
|
0-0: Ball 1-0: Ball 2-0: Foul Ball, location: 2F 2-1: Foul Ball, location: 2F 2-2: Ball 3-2: Strikes out swinging Doug Glanville steals 2nd base Batter strikes out.
|
|
Batting: LHB Brian S Giles
|
0-0: Ball 1-0: Called Strike 1-1: Called Strike 1-2: Fly out, F8 (Line Drive, 8LD, EV 91.9 MPH)
|
| Bottom of the 6th over - 0 runs, 1 hit, 0 errors, 1 left on base; Florida 6 - St. Louis 0 |
| TOP OF THE 7TH |
|
Florida Marlins batting - Pitching for St. Louis Cardinals : RHP Rusty Meacham
|
|
Batting: RHB Richie Sexson
|
0-0: Called Strike 0-1: SOLO HOME RUN (Flyball, 7LD, EV 95.0 MPH), Distance : 337 ft
|
|
Pitching: RHP Bryce Florie
|
|
|
Pinch Hitting: SHB Jason McDonald
|
0-0: Called Strike 0-1: Called Strike 0-2: Ground out 6-3 (Groundball, 6, EV 98.8 MPH)
|
|
Pinch Hitting: LHB Alex Cole
|
0-0: Ball 1-0: Foul Ball, location: 2F 1-1: Swinging Strike 1-2: Ball 2-2: Strikes out swinging
|
|
Batting: SHB Bobby Bonilla
|
0-0: Foul Ball, location: 2F 0-1: Ball 1-1: Ground out 6-3 (Groundball, 6D, EV 107.5 MPH)
|
| Top of the 7th over - 1 run, 1 hit, 0 errors, 0 left on base; Florida 7 - St. Louis 0 |
| BOTTOM OF THE 7TH |
|
St. Louis Cardinals batting - Pitching for Florida Marlins : LHP Butch Henry
|
|
Now in LF: Alex Cole
|
|
|
Now in CF: Jason McDonald
|
|
|
Batting: RHB Ivan Calderon
|
0-0: Ground out 5-3 (Groundball, 56S, EV 87.5 MPH)
|
|
Batting: LHB Steve Finley
|
0-0: Called Strike 0-1: Ground out 4-3 (Groundball, 34, EV 79.4 MPH)
|
|
Batting: RHB Dickie Thon
|
0-0: Ball 1-0: Foul Ball, location: 2F 1-1: Swinging Strike 1-2: Foul Ball, location: 2F 1-2: Fly out, F8 (Line Drive, 8RD, EV 96.3 MPH)
|
| Bottom of the 7th over - 0 runs, 0 hits, 0 errors, 0 left on base; Florida 7 - St. Louis 0 |
| TOP OF THE 8TH |
|
Florida Marlins batting - Pitching for St. Louis Cardinals : RHP Bryce Florie
|
|
Pinch Hitting: SHB F P Santangelo
|
0-0: Foul Ball, location: 2F 0-1: Ground out 1-3 (Groundball, P, EV 84.4 MPH)
|
|
Batting: RHB Tony Barron
|
0-0: Ball 1-0: Ball 2-0: Ball 3-0: Called Strike 3-1: Base on Balls
|
|
Pinch Hitting: LHB Mickey Morandini
|
0-0: Swinging Strike 0-1: Foul Ball, location: 2F 0-2: Ball 1-2: Fielders Choice at 2nd, 5-4 (Groundball, 56, EV 83.1 MPH)
|
|
Batting: LHB Craig Counsell
|
0-0: Called Strike 0-1: Ball 1-1: Ball 2-1: Fly out, F8 (Line Drive, 8RM, EV 108.1 MPH)
|
| Top of the 8th over - 0 runs, 0 hits, 0 errors, 1 left on base; Florida 7 - St. Louis 0 |
| BOTTOM OF THE 8TH |
|
St. Louis Cardinals batting - Pitching for Florida Marlins : LHP Butch Henry
|
|
Now at 2B: Mickey Morandini
|
|
|
Now at SS: F P Santangelo
|
|
|
Batting: RHB Damian Miller
|
0-0: Ball 1-0: Called Strike 1-1: Ball 2-1: Foul Ball, location: 2F 2-2: Foul Ball, location: 2F 2-2: Fly out, F9 (Flyball, 9LD, EV 104.4 MPH)
|
|
Batting: RHB Royce Clayton
|
0-0: Ball 1-0: Ball 2-0: Ball 3-0: Ground out 6-3 (Groundball, 6, EV 100.6 MPH)
|
|
Batting: RHB Doug Glanville
|
0-0: Called Strike 0-1: Swinging Strike 0-2: Strikes out swinging
|
| Bottom of the 8th over - 0 runs, 0 hits, 0 errors, 0 left on base; Florida 7 - St. Louis 0 |
| TOP OF THE 9TH |
|
Florida Marlins batting - Pitching for St. Louis Cardinals : RHP Bryce Florie
|
|
Pitching: LHP Randy Myers
|
|
|
Batting: RHB Charles Johnson
|
0-0: Foul Ball, location: 2F 0-1: Ball 1-1: Ball 2-1: Ball 3-1: Foul Ball, location: 2F 3-2: Foul Ball, location: 2F 3-2: Base on Balls
|
|
Batting: RHB Richie Sexson
|
0-0: Ball 1-0: Fly out, F8 (Line Drive, 89M, EV 96.9 MPH)
|
|
Batting: SHB Jason McDonald
|
0-0: Called Strike 0-1: Foul Ball, location: 2F 0-2: Strikes out swinging
|
|
Batting: LHB Alex Cole
|
0-0: Ball 1-0: SINGLE (Flyball, 78M, EV 86.3 MPH) Charles Johnson to second
|
|
Batting: SHB Bobby Bonilla
|
0-0: Called Strike 0-1: Ball 1-1: Called Strike 1-2: Strikes out looking
|
| Top of the 9th over - 0 runs, 1 hit, 0 errors, 2 left on base; Florida 7 - St. Louis 0 |
| BOTTOM OF THE 9TH |
|
St. Louis Cardinals batting - Pitching for Florida Marlins : LHP Butch Henry
|
|
Batting: SHB Stan Javier
|
0-0: Ball 1-0: Ball 2-0: Ball 3-0: Called Strike 3-1: Swinging Strike 3-2: Strikes out looking
|
|
Pinch Hitting: RHB Mike Benjamin
|
0-0: Ball 1-0: Called Strike 1-1: Foul Ball, location: 2F 1-2: Ball 2-2: Ground out 5-3 (Groundball, 56S, EV 68.1 MPH)
|
|
Batting: LHB Brian S Giles
|
0-0: Ball 1-0: Called Strike 1-1: Ball 2-1: Ball 3-1: Foul Ball, location: 2F 3-2: Fly out, F8 (Line Drive, 8RD, EV 88.8 MPH)
|
| Bottom of the 9th over - 0 runs, 0 hits, 0 errors, 0 left on base; Florida 7 - St. Louis 0 |
|